 Dungeon Crawl Stone Soup version 0.23.2-33-g5129a83184 (webtiles) character file.

Game seed: 15249451324840031199

16436 Acheron the Skirmisher (level 12, -2/73 HPs)
             Began as a Gargoyle Hunter on July 10, 2019.
             Was a High Priest of Okawaru.
             Slain by a spiny frog (16 damage)
             ... on level 6 of the Lair of Beasts.
             The game lasted 01:24:37 (12759 turns).

Acheron the Skirmisher (Gargoyle Hunter)           Turns: 12759, Time: 01:24:38

Health: -2/73      AC: 28    Str: 16    XL:     12   Next: 37%
Magic:  19/19      EV: 12    Int: 18    God:    Okawaru [*****.]
Gold:   607        SH:  4    Dex: 14    Spells: 13/21 levels left

rFire    . . .     SeeInvis .   w - +2 war axe
rCold    . . .     Gourm    .   O - +0 buckler
rNeg     + . .     Faith    .   b - +4 scale mail of Objectivity {rPois}
rPois    ∞         Spirit   .   M - +0 helmet
rElec    +         Reflect  .   (no cloak)
rCorr    .         Harm     .   W - +0 pair of gloves (curse)
MR       .....                  J - +0 pair of boots
Stlth    ++........             (no amulet)
HPRegen  0.22/turn              C - +4 ring of protection
MPRegen  0.16/turn              P - +5 ring of intelligence

@: no status effects
A: negative energy resistance 1, electricity resistance, unbreathing,
petrification resistance, rot immunity, AC +8
a: Heroism, Finesse, Renounce Religion


You were on level 6 of the Lair of Beasts.
You worshipped Okawaru.
Okawaru was extremely pleased with you.
You were not hungry.

You visited 3 branches of the dungeon, and saw 15 of its levels.
You also visited: Gauntlet.

You collected 607 gold pieces.

Inventory:

Hand Weapons
 a - a +1 hand crossbow
 e - a +2 dire flail of holy wrath
 i - a +0 mace of pain
 o - a +3 morningstar of draining
 w - a +2 war axe (weapon)
 y - a +0 blowgun
 G - a +1 falchion of protection
Missiles
 k - 278 stones (quivered)
 l - 15 sling bullets
 m - 6 needles of sleeping
 D - 92 bolts
 F - 2 throwing nets
 R - 15 javelins
Armour
 b - the +4 scale mail of Objectivity (worn) {rPois}
   (You found it in a Gauntlet)

   It protects you from poison.
 J - a +0 pair of boots (worn)
 M - a +0 helmet (worn)
 O - a +0 buckler (worn)
 U - the cursed +1 plate armour of the Four Suns {rF+ Dex+4}
   (You took it off a minotaur in a Gauntlet)

   It affects your dexterity (+4).
   It protects you from fire.
   It has a curse placed upon it.
 V - the cursed +0 pair of boots of Listlessness {rPois rF++ Regen+ Int-5, unknown}
   (You found it in a Gauntlet)

   It affects your intelligence (-5).
   It greatly protects you from fire.
   It protects you from poison.
   It increases your rate of regeneration.
   It has a curse placed upon it.
 W - a cursed +0 pair of gloves (worn)
Magical Staves
 X - an uncursed staff of energy
Jewellery
 j - an uncursed ring of positive energy
 x - a +3 ring of strength
 C - a +4 ring of protection (left hand)
 I - an uncursed ring of wizardry
 P - a +5 ring of intelligence (right hand)
 S - an uncursed ring of flight
 T - an uncursed ring of ice
Wands
 d - a wand of random effects (43)
 r - a wand of disintegration (17)
 v - a wand of polymorph (9)
 L - a wand of iceblast (20)
 Z - a wand of digging (2)
Scrolls
 h - 3 scrolls of remove curse
 p - 4 scrolls of enchant armour
 E - 3 scrolls of teleportation
 K - a scroll of identify
 Q - a scroll of fear
Potions
 g - a potion of brilliance {unknown}
 n - a potion of cancellation {unknown}
 q - a potion of haste {unknown}
 t - 3 potions of magic
 u - 3 potions of might
 z - 3 potions of agility
 A - 4 potions of flight
 B - a potion of lignification {unknown}
 H - a potion of curing
Miscellaneous
 c - a lamp of fire
 N - a fan of gales
Comestibles
 f - 10 rations
 Y - 10 chunks of flesh


   Skills:
 * Level 7.8 Fighting
   Level 3.8 Short Blades
 + Level 6.3(7.1) Axes
 + Level 5.3(7.0) Maces & Flails
 + Level 6.8 Crossbows
 + Level 0.7 Throwing
 + Level 6.4 Armour
 * Level 5.3 Dodging
 * Level 6.7 Stealth
 * Level 2.5 Shields
 + Level 5.0 Spellcasting
 * Level 1.3 Conjurations
 * Level 1.5 Summonings
 * Level 1.5 Ice Magic
 * Level 6.5 Invocations
 * Level 4.8 Evocations


You had 13 spell levels left.
You knew the following spells:

 Your Spells              Type           Power        Failure   Level  Hunger
a - Throw Frost           Conj/Ice       #.....       38%         2    #......
b - Call Imp              Summ           ##......     38%         2    #......
c - Throw Icicle          Conj/Ice       #.......     95%         4    ####...

Your spell library contained the following spells:

 Spells                   Type           Power        Failure   Level  Hunger
 Freeze                   Ice            ##..         26%         1    None
 Summon Small Mammal      Summ           ##..         26%         1    None
 Call Canine Familiar     Summ           ##......     63%         3    ##.....
 Ozocubu's Armour         Chrm/Ice       #.......     73%         3    ##.....
 Summon Guardian Golem    Hex/Summ       #.......     73%         3    ##.....
 Summon Ice Beast         Ice/Summ       ##......     95%         4    ####...
 Summon Lightning Spire   Summ/Air       #.......     98%         4    ####...


Dungeon Overview and Level Annotations

Branches:
Dungeon (8/15)             Temple (1/1) D:4            Lair (6/6) D:8
 Spider (0/4) Lair:2
  Swamp: Lair:2-4    Shoals: Lair:2-4     Slime: Lair:5-6

Altars:
Ashenzari
Cheibriados
Dithmenos
Gozag
Hepliaklqana
Kikubaaqudgha
Makhleb
Nemelex Xobeh
Okawaru
Ru
Trog
Uskayaw
Vehumet
Xom
Yredelemnul
Zin
The Shining One

Annotations:
Lair:2 Gastronok


Innate Abilities, Weirdness & Mutations

You are resistant to torment.
Your stone body is resilient. (AC +8)
You are immune to poison.
You resist negative energy. (rN+)
You are resistant to electric shocks. (rElec)
You can survive without breathing.
You are immune to petrification.
You are immune to rotting.


Message History

The yak gores you but does no damage. x2; Something gores the plant.
A yak comes into view.
The spiny frog misses you.
You barely miss the spiny frog.
The spiny frog is severely wounded.
The water moccasin hisses angrily.
The yak bellows!
You hit the yak. You hit the yak but do no damage.
The yak gores you but does no damage. You block the yak's attack.
Something gores the plant but does no damage.
The spiny frog stings you but does no damage.
The yak closely misses you.
You hit the spiny frog.
The spiny frog is severely wounded.
You hit the yak. You slash the yak! The spiny frog stings you!
* * * LOW HITPOINT WARNING * * *
The yak barely misses you.
Something gores the plant but does no damage.
The yak gores you but does no damage.
You feel better. The spiny frog stings you!
You die...

.......P....##
.............##
............#...
...............#
...............#
................
..........^.....
.......#F†......#
.......#@#.......
.....PYY#YY.....#.
......PY.YY......#
.........YS..P..##
#.....%....).P...##
#...........Y##..P#
##...........##...#
#######.......P.P#
###P..P..P.# ...


You could see 9 yaks, a spiny frog and a water moccasin.

Vanquished Creatures
  A minotaur (Gauntlet)
  A hydra (Lair:2)
  Fannar (Lair:3)
  A soul eater (Gauntlet)
  A necromancer (Gauntlet)
  3 black mambas
  A spiny frog (Lair:4)
  A komodo dragon (Lair:4)
  3 jumping spiders (Lair:2)
  A tyrant leech (Gauntlet)
  2 hippogriffs
  4 blink frogs
  3 redbacks (Lair:2)
  Sigmund (D:4)
  2 wyverns
  A hungry ghost (D:8)
  28 yaks
  A basilisk (Lair:4)
  3 swamp worms (Gauntlet)
  Edmund (D:5)
  3 water moccasins
  3 porcupines
  3 ice beasts
  A black bear (D:6)
  2 ogres
  13 wolves
  4 centaurs (Lair:3)
  3 crocodiles
  9 bullfrogs
  A water moccasin zombie (D:5)
  2 howler monkeys
  2 electric eels (Lair:2)
  A centaur zombie (D:5)
  A hound (D:7)
  Jessica (D:3)
  A centaur skeleton (D:4)
  Terence (D:2)
  2 iguanas (D:5)
  2 orc wizards
  5 worker ants
  A killer bee zombie (D:7)
  13 adders
  3 shadow imps (Gauntlet)
  An adder skeleton (D:4)
  2 worms
  3 dart slugs
  3 leopard geckos (D:4)
  10 orcs
  4 giant cockroaches
  3 goblins (D:1)
  9 hobgoblins
  3 jackals (D:2)
  2 quokkas
  4 ball pythons
  14 bats
  6 frilled lizards
  A jackal skeleton (D:5)
  A jackal zombie (D:5)
  4 kobolds
  16 rats
223 creatures vanquished.

Vanquished Creatures (others)
  A yak (Lair:6)
  14 demonic plants (Gauntlet)
  21 fungi
  13 plants
49 creatures vanquished.

Grand Total: 272 creatures vanquished

Notes
Turn   | Place    | Note
-------+----------+-------------------------------------------
     0 | D:1      | Acheron the Gargoyle Hunter began the quest for the Orb.
     0 | D:1      | Reached XP level 1. HP: 12/12 MP: 1/1
    89 | D:1      | Reached XP level 2. HP: 17/17 MP: 2/2
   546 | D:2      | Reached XP level 3. HP: 18/22 MP: 3/3
   583 | D:2      | Reached skill level 1 in Armour
  1116 | D:2      | Noticed Terence
  1143 | D:2      | Reached XP level 4. HP: 10/27 MP: 4/4
  1473 | D:3      | Reached skill level 3 in Fighting
  1816 | D:4      | Noticed Sigmund
  1817 | D:4      | Found a sparkling altar of Nemelex Xobeh.
  1833 | D:5      | Entered Level 5 of the Dungeon
  1898 | D:5      | Found a hazy altar of Hepliaklqana.
  1905 | D:5      | Noticed Edmund
  1909 | D:5      | Noticed an ice beast
  1959 | D:4      | Reached XP level 5. HP: 21/32 MP: 6/6
  1962 | D:4      | Found a staircase to the Ecumenical Temple.
  1974 | Temple   | Entered the Ecumenical Temple
  2103 | Temple   | Became a worshipper of Warmaster Okawaru
  2194 | D:3      | Reached skill level 1 in Short Blades
  2280 | D:3      | Noticed Jessica
  2317 | D:3      | Reached skill level 1 in Spellcasting
  2323 | D:3      | Killed Jessica
  3026 | D:4      | Reached XP level 6. HP: 18/37 MP: 7/7
  3278 | D:5      | Killed Edmund
  3278 | D:5      | Reached * piety under Okawaru
  3278 | D:5      | Reached skill level 1 in Invocations
  3335 | D:5      | Reached XP level 7. HP: 39/41 MP: 9/9
  3518 | D:5      | Reached skill level 5 in Crossbows
  3561 | D:4      | Found a hide-covered altar of Uskayaw.
  3934 | D:2      | Found a sacrificial altar of Ru.
  3996 | D:2      | Killed Terence
  4083 | D:2      | Found a glowing golden altar of the Shining One.
  4436 | D:3      | Found a snail-covered altar of Cheibriados.
  5216 | D:4      | Killed Sigmund
  5216 | D:4      | Reached ** piety under Okawaru
  5216 | D:4      | Reached skill level 1 in Maces & Flails
  5216 | D:4      | Reached XP level 8. HP: 42/48 MP: 8/11
  5333 | D:5      | Reached skill level 4 in Fighting
  5804 | D:6      | Found a bloodstained altar of Trog.
  5828 | D:6      | Reached skill level 1 in Evocations
  6112 | D:6      | Found a basalt altar of Yredelemnul.
  6673 | D:8      | Found a staircase to the Lair.
  6695 | D:8      | Reached XP level 9. HP: 48/52 MP: 11/13
  6925 | D:8      | Reached *** piety under Okawaru
  6935 | Lair:1   | Entered Level 1 of the Lair of Beasts
  7313 | Lair:2   | Reached skill level 5 in Fighting
  7361 | Lair:2   | Noticed a four-headed hydra
  7376 | Lair:2   | Killed a four-headed hydra
  7376 | Lair:2   | Received a gift from Okawaru
  7376 | Lair:2   | Reached skill level 5 in Armour
  7484 | Lair:2   | Noticed Gastronok
  7595 | Lair:1   | Reached skill level 1 in Axes
  7595 | Lair:1   | Reached XP level 10. HP: 29/60 MP: 13/15
  8066 | Lair:1   | Reached skill level 5 in Stealth
  8078 | Lair:1   | Reached **** piety under Okawaru
  8078 | Lair:1   | Reached skill level 6 in Fighting
  8284 | Lair:3   | Noticed Fannar
  8733 | Lair:2   | Reached XP level 11. HP: 54/66 MP: 17/17
  9015 | Lair:2   | Found a hole to the Spider Nest.
  9037 | Lair:3   | Received a gift from Okawaru
  9094 | Lair:3   | Reached skill level 5 in Invocations
  9117 | Lair:3   | Reached ***** piety under Okawaru
  9133 | Lair:3   | Received a gift from Okawaru
  9782 | Lair:3   | Noticed a lindwurm
  9812 | Lair:3   | Killed Fannar
  9960 | Lair:3   | Noticed a lindwurm
 10013 | Lair:4   | Reached skill level 1 in Shields
 10159 | Lair:4   | Reached skill level 5 in Axes
 10509 | Lair:4   | Reached skill level 7 in Fighting
 11188 | Lair:5   | Reached skill level 5 in Dodging
 11221 | Lair:5   | Found a gate leading to a gauntlet.
 11249 | Gauntlet | Entered a Gauntlet
 11249 | Gauntlet | Found a transporter.
 11249 | Gauntlet | Found a transporter.
 11249 | Gauntlet | Noticed a necromancer
 11269 | Gauntlet | Found a transporter.
 11270 | Gauntlet | Found a transporter.
 11278 | Gauntlet | Noticed a sixfirhy
 11283 | Gauntlet | Found a transporter.
 11283 | Gauntlet | Found a transporter.
 11289 | Gauntlet | Noticed a death scarab
 11291 | Gauntlet | Noticed a death scarab
 11293 | Gauntlet | Found a transporter.
 11314 | Gauntlet | Found a transporter.
 11321 | Gauntlet | Found a transporter.
 11321 | Gauntlet | Found a transporter.
 11328 | Gauntlet | Noticed a soul eater
 11336 | Gauntlet | Found a transporter.
 11336 | Gauntlet | Found a transporter.
 11488 | Gauntlet | Killed a necromancer
 11488 | Gauntlet | Received a gift from Okawaru
 11587 | Gauntlet | Killed a soul eater
 11817 | Gauntlet | Reached skill level 5 in Spellcasting
 11818 | Gauntlet | HP: 3/67 [swamp worm (10)]
 12120 | Gauntlet | Learned a level 2 spell: Throw Frost
 12123 | Gauntlet | Learned a level 2 spell: Call Imp
 12128 | Gauntlet | Learned a level 4 spell: Throw Icicle
 12180 | Gauntlet | Identified the cursed +1 plate armour of the Four Suns {rF+
                  | Dex+4}
 12180 | Gauntlet | Noticed a minotaur
 12192 | Gauntlet | Killed a minotaur
 12192 | Gauntlet | Reached XP level 12. HP: 46/72 MP: 12/19
 12204 | Gauntlet | Got a jacinth-encrusted scale mail
 12204 | Gauntlet | Got a pair of bloodstained boots
 12205 | Gauntlet | Identified the +4 scale mail of Objectivity {rPois} (You
                  | found it in a Gauntlet)
 12546 | Lair:5   | Reached skill level 5 in Maces & Flails
 12575 | Lair:5   | Reached skill level 1 in Conjurations
 12581 | Lair:5   | Reached skill level 1 in Summonings
 12623 | Lair:5   | Reached skill level 1 in Ice Magic
 12702 | Lair:6   | Entered Level 6 of the Lair of Beasts
 12744 | Lair:6   | Received a gift from Okawaru
 12759 | Lair:6   | Slain by a spiny frog

Skill      XL: |  1  2  3  4  5  6  7  8  9 10 11 12 |
---------------+-------------------------------------+-----
Armour         | 1 2 3 4 5 6 |  6.4
Fighting       | 3 4 5 6 7 |  7.8
Dodging        | 2 3 4 5 |  5.3
Short Blades   | 1 2 3 |  3.8
Spellcasting   | 1 2 3 4 5 |  5.0
Stealth        | 2 3 4 5 6 |  6.7
Invocations    | 1 2 3 4 6 |  6.5
Crossbows      | 5 6 |  6.8
Maces & Flails | 1 3 4 5 |  5.3
Evocations     | 1 2 3 4 |  4.8
Axes           | 1 4 6 |  6.3
Shields        | 2 |  2.5
Conjurations   | 1 |  1.3
Summonings     | 1 |  1.5
Ice Magic      | 1 |  1.5
Throwing       | |  0.7

Action                   |  1- 3 |  4- 6 |  7- 9 | 10-12 || total
-------------------------+-------+-------+-------+-------++-------
Melee: Short sword       |    62 |   236 |       |       ||   298
       Dire flail        |       |       |   219 |    55 ||   274
       War axe           |       |       |    52 |   331 ||   383
       Morningstar       |       |       |       |    92 ||    92
       Punch             |       |       |       |     1 ||     1
 Fire: Hand crossbow     |    47 |    15 |    72 |    37 ||   171
Throw: Stone             |       |       |     8 |     1 ||     9
Invok: Heroism           |       |       |     9 |    24 ||    33
       Finesse           |       |       |       |     1 ||     1
  Use: Scroll            |     5 |     8 |     4 |    11 ||    28
       Potion            |       |     5 |     2 |     6 ||    13
 Stab: Sleeping          |       |       |     3 |     1 ||     4
  Eat: Chunk             |     1 |     3 |     8 |    10 ||    22
       Ration            |       |     2 |     3 |     2 ||     7
Armor: Leather armour    |     2 |       |       |       ||     2
       Ring mail         |    37 |   115 |   181 |   239 ||   572
       Scale mail        |       |       |       |    59 ||    59
Dodge: Dodged            |    55 |   155 |   215 |   445 ||   870
Block: Buckler           |       |       |       |    85 ||    85
